 Seeded DCSS version 0.30-a0-845-g7c6808c8ce (webtiles) character file.

Game seed: 4290115023798346970 (custom seed)

7 demibob the Trooper (level 1, 18/18 HPs)
             Began as a Demonspawn Wanderer on Mar 3, 2023.
             Quit the game on level 1 of the Dungeon.
             The game lasted 00:00:36 (214 turns).

demibob the Trooper (Demonspawn Wanderer)            Turns: 214, Time: 00:00:36

Health: 18/18      AC:  5    Str: 12    XL:     1   Next: 91%
Magic:  2/2        EV: 10    Int: 14    God:
Gold:   18         SH:  0    Dex: 11    Spells: 1/2 levels left

rFire   . . .      SeeInvis .    a - +2 dagger
rCold   . . .      Faith    .    (no shield)
rNeg    . . .      Spirit   .    c - +0 ring mail
rPois   .          Reflect  .    (no helmet)
rElec   .          Rampage  .    (no cloak)
rCorr   .                        (no gloves)
Will    .....                    (no boots)
Stlth   +                        (no amulet)
HPRegen 0.23/turn                (no ring)
MPRegen 0.08/turn                (no ring)

@: no status effects
A: no striking features
a: no special abilities


You were on level 1 of the Dungeon.
You visited 1 branch of the dungeon, and saw 1 of its levels.

You collected 18 gold pieces.


   Skills:
 - Level 3.0 Fighting
 + Level 1.4 Short Blades
 - Level 1.7 Armour
 - Level 2.6 Stealth
 - Level 1.0 Spellcasting
 - Level 1.0 Conjurations


You had one spell level left.
You knew the following spells:

 Your Spells              Type           Power      Damage    Failure   Level
f - Foxfire               Conj/Fire      8%         2x1d4     43%         1

Your spell library contained the following spells:

 Spells                   Type           Power      Damage    Failure   Level
 Hailstorm                Conj/Ice       2%         3d3       80%         3

Inventory:

Hand Weapons
 a - a +2 dagger (weapon)
Armour
 c - a +0 ring mail (worn)
Scrolls
 d - a scroll of fear
 f - a scroll of acquirement
Potions
 b - a potion of brilliance
 e - a potion of berserk rage {unknown}

Dungeon Overview and Level Annotations

Branches:
Dungeon (1/15)

Altars:

#.#
.##..................
...
.#######.####..###.##
## .#######.#.##..#
...........##..#
#######.#.##..#
#.#.##..#
#.#.##..###.#
#...........#
###@##..##..#
#...).....#
####..#...#
.........# . #
########... .##.# .#
# ##


There were no monsters in sight!


Message History

A hobgoblin comes into view.
You see here a scroll labelled AMI MASUSO.
A hobgoblin is nearby!
The hobgoblin shouts!
A kobold comes into view. It is wielding a +0 short sword.
You closely miss the hobgoblin. The hobgoblin hits you.
You barely miss the hobgoblin. The hobgoblin hits you.
You hit the hobgoblin.
You kill the hobgoblin!
You hit the kobold.
The kobold is heavily wounded.
The kobold hits you but does no damage.
You hit the kobold.
You kill the kobold!
No target in view!
No target in view!
No target in view!
No target in view!
No target in view!
No target in view!
No target in view!
No target in view!
No target in view!
No target in view!
No target in view!
No target in view!
No target in view!
f - a scroll labelled AMI MASUSO This is a scroll of acquirement!
Are you sure you want to abandon this character and quit the game? (Confirm with "yes".)

Skill      XL: |  1 |
---------------+----+-----
Short Blades   | 1 |  1.4
Fighting       | |  3.0
Armour         | |  1.7
Stealth        | |  2.6
Spellcasting   | |  1.0
Conjurations   | |  1.0

Action                     || total
---------------------------++-------
  Melee: Dagger            ||    30
 Armour: Ring mail         ||    11
  Dodge: Dodged            ||    10

Levels and vault maps discovered:
D:1:      kennysheep_arrival_seaside, layout_basic, minmay_gold_behind_fungi,
          wander_ebering_terrifying_dragon_lair

Notes
Turn   | Place    | Note
-------+----------+-------------------------------------------
     0 | D:1      | demibob the Demonspawn Wanderer began the quest for the
                  | Orb.
     0 | D:1      | demibob set off with the following items: a +2 dagger, a
                  | potion of brilliance, a +0 ring mail, a scroll of fear; and
                  | the following spell memorised: Foxfire; and the following
                  | spells available to memorise: Hailstorm.
     0 | D:1      | Reached XP level 1. HP: 18/18 MP: 2/2
   151 | D:1      | Reached skill level 1 in Short Blades
   214 | D:1      | Identified a scroll of acquirement
   214 | D:1      | Quit the game

Vanquished Creatures
  A goblin (D:1)
  2 hobgoblins (D:1)
  A kobold (D:1)
  A bat (D:1)
  2 frilled lizards (D:1)
7 creatures vanquished.

Table legend: (Time is in decaauts)
 A = Elapsed time spent in this place.
 B = Non-inter-level travel time spent in this place.
 C = Inter-level travel time spent in this place.
 D = Time resting spent in this place.
 E = Time spent auto-exploring this place.
 F = Levels seen in this place.
 G = Mean time per level.
                   A        B        C        D        E       F      G
               +--------+--------+--------+--------+--------+-----+--------+
         Total |    213 |    213 |      0 |      0 |    161 |   1 |  213.0 |
       Dungeon |    213 |    213 |      0 |      0 |    161 |   1 |  213.0 |
               +--------+--------+--------+--------+--------+-----+--------+

Top non-repeatable levels by time:
     D:1: 213 daAuts

Table legend:
 A = Non-vault XP
 B = Vault XP
 C = Vault XP percentage of total XP
 D = Non-vault monster count
 E = Vault monster count
 F = Vault count percentage of total count
                 A         B        C        D         E       F
            +---------+---------+-------+---------+---------+-------
      Total |      11 |       0 |   0.0 |       7 |       0 |   0.0
            +---------+---------+-------+---------+---------+-------
        D:1 |      11 |       0 |   0.0 |       7 |       0 |   0.0
            +---------+---------+-------+---------+---------+-------
